 Dungeon Crawl Stone Soup version 0.28.0-45-g0d030f2227 (webtiles) character file.

Game seed: 1234368201864199838

16 protoss039 the Shield-Bearer (level 2, 0/27 HPs)
             Began as a Minotaur Fighter on Apr 6, 2022.
             Succumbed to an adder's poison
             ... on level 2 of the Dungeon.
             The game lasted 00:00:29 (705 turns).

protoss039 the Shield-Bearer (Minotaur Fighter)      Turns: 705, Time: 00:00:29

Health: 0/27       AC:  7    Str: 20    XL:     2   Next: 37%
Magic:  1/1        EV:  9    Int:  5    God:
Gold:   85         SH:  4    Dex:  9    Spells: 1/1 levels left

rFire   . . .      SeeInvis .   a - +0 war axe
rCold   . . .      Faith    .   c - +0 buckler
rNeg    . . .      Spirit   .   b - +0 scale mail
rPois   .          Reflect  .   (helmet restricted)
rElec   .          Harm     .   (no cloak)
rCorr   .          Rampage  .   (no gloves)
Will    .....                   (no boots)
Stlth   ..........              (no amulet)
HPRegen 0.09/turn               (no ring)
MPRegen 0.07/turn               (no ring)

@: mighty, lethally poisoned (0 -> -4)
A: horns 2, retaliatory headbutt
a: no special abilities


You were on level 2 of the Dungeon.
You visited 1 branch of the dungeon, and saw 2 of its levels.

You collected 85 gold pieces.

Inventory:

Hand Weapons
 a - a +0 war axe (weapon)
Armour
 b - a +0 scale mail (worn)
 c - a +0 buckler (worn)
Scrolls
 e - 2 scrolls of identify {unknown}
 f - a scroll of teleportation {unknown}
 g - a scroll of magic mapping {unknown}
Potions
 d - a potion of might


   Skills:
 + Level 3.9 Fighting
 + Level 2.8 Axes
 + Level 3.9 Armour
 + Level 3.9 Shields


You had one spell level left.
You didn't know any spells.
Your spell library was empty.

Dungeon Overview and Level Annotations

Branches:
Dungeon (2/15)

Altars:


Innate Abilities, Weirdness & Mutations

You have a pair of horns on your head.
You reflexively headbutt those who attack you in melee.


Message History

The adder is severely wounded.
You barely miss the frilled lizard.
You feel very sick. The adder misses you.
The frilled lizard closely misses you. The adder barely misses you.
The frilled lizard closely misses you.
You closely miss the adder.
The adder is severely wounded.
You barely miss the frilled lizard.
You feel sick. The adder barely misses you. x2
The frilled lizard closely misses you.
You barely miss the adder.
You headbutt the adder, but do no damage.
The adder is severely wounded.
You barely miss the frilled lizard.
You feel sick. The adder barely misses you. You furiously retaliate!
You headbutt the adder.
The frilled lizard bites you but does no damage.
You block the adder's attack.
Unknown command.
Unknown command.
You closely miss the adder. Your headbutt misses the adder.
The adder is almost dead.
You miss the frilled lizard.
You feel sick. The frilled lizard closely misses you.
You block the adder's attack. The adder bites you.
* * * LOW HITPOINT WARNING * * *
You are lethally poisoned!
The adder poisons you! You block the frilled lizard's attack.
Unknown command.
Unknown command.
You closely miss the adder.
The adder is almost dead.
You closely miss the frilled lizard.
* * * LOW HITPOINT WARNING * * *
You feel sick. The adder bites you but does no damage.
The frilled lizard bites you.
* * * LOW HITPOINT WARNING * * *
You block the adder's attack.
Unknown command.
Unknown command.
You feel very mighty all of a sudden.
You die...

#. .#.##+#+######
.............#
.............#
.............###########
.............##.........
......lS†....##.########
#+##@# #.# # #..#.## #.#
# #.....# #.# #
#.####..######.# #
#......>..[....# #
#####..######### #
#..... #.######## #.#.##
#......... #...#
#.########


You could see an adder and a frilled lizard.

Vanquished Creatures
  A dart slug (D:1)
  2 ball pythons (D:1)
  An endoplasm (D:1)
  3 hobgoblins
  4 bats
  2 kobolds (D:1)
  A rat (D:1)
14 creatures vanquished.

Notes
Turn   | Place    | Note
-------+----------+-------------------------------------------
     0 | D:1      | protoss039 the Minotaur Fighter began the quest for the
                  | Orb.
     0 | D:1      | Reached XP level 1. HP: 19/19 MP: 0/0
   224 | D:1      | Reached XP level 2. HP: 22/27 MP: 1/1
   704 | D:2      | HP: 1/27 [frilled lizard (2)]
   705 | D:2      | Succumbed to an adder's poison

Illustrated notes

Levels and vault maps discovered:
D:1:      dpeg_arrival_windows_large_door, layout_loops_ring
D:2:      layout_basic, serial_curves, eino_curves_03, eino_curves_02,
          uniq_robin

Action                   || total
-------------------------++-------
Melee: War axe           ||    29
       Headbutt          ||     3
  Use: Potion            ||     1
Armor: Scale mail        ||    16
Dodge: Dodged            ||    24
Block: Buckler           ||     7
